 Dungeon Crawl Stone Soup version 0.27-a0-1590-g15f69828bf (webtiles) character file.

Game seed: 17777500754574186588

75 Aviak the Magician (level 4, -6/49 HPs)
             Began as a Djinni Conjurer on July 18, 2021.
             Mangled by Sigmund (9 damage)
             ... on level 2 of the Dungeon.
             The game lasted 00:01:51 (1569 turns).

Aviak the Magician (Djinni Conjurer)                Turns: 1569, Time: 00:01:51

Health: -6/49      AC: 22    Str:  4 (6)  XL:     4   Next: 55%
Gold:   75         EV:  2    Int: 17 (20) God:
                   SH:  0    Dex:  9 (12)

rFire    . . .     SeeInvis .   e - +0 dagger
rCold    . . .     Faith    .   (no shield)
rNeg     + + +     Spirit   .   (armour currently unavailable)
rPois    ∞         Reflect  .   (helmet currently unavailable)
rElec    .         Harm     .   (cloak currently unavailable)
rCorr    .         Rampage  .   (gloves currently unavailable)
Will     .....     NoTele   +   (boots unavailable)
Stlth    +.........             (no amulet)
HPRegen  0.16/turn              (no ring)
MPRegen  0.00/turn              (no ring)

@: confused, tree-form, very slightly contaminated, invisible
A: stationary, stasis, torment immunity, boosted hp, sickness immunity, (fire
resistance 2), (cold vulnerability 1), float, innate caster, hp casting, extra
vitality 1
a: no special abilities


You were on level 2 of the Dungeon.
You were a tree.
You visited 1 branch of the dungeon, and saw 2 of its levels.

You collected 75 gold pieces.

Inventory:

Hand Weapons
 e - a +0 dagger (weapon)
Armour
 a - a +0 robe (melded)
 h - a +0 helmet (melded)
Jewellery
 c - an amulet of guardian spirit
Scrolls
 b - a scroll of noise {unknown}


   Skills:
 + Level 2.0 Fighting
 + Level 3.3 Dodging
 - Level 1.5 Stealth
 + Level 3.7 Spellcasting


You couldn't memorise any spells.
You knew the following spells:

 Your Spells              Type           Power      Damage    Failure   Level
a - Magic Dart            Conj           60%        1d6       3%          1
b - Searing Ray           Conj           30%        3d4       5%          2
c - Dazzling Flash        Conj/Hex       30%        N/A       11%         3
d - Fulminant Prism       Conj/Hex       7%         3d7       34%         4
e - Iskenderun's Mystic   Conj/Tloc      15%        2d5       34%         4
f - Sting                 Tmut/Pois      60%        1d6       3%          1
Your spell library was empty.

Dungeon Overview and Level Annotations

Branches:
Dungeon (2/15)

Altars:

Annotations:
D:2 Sigmund


Innate Abilities, Weirdness & Mutations

You are a tree.
Your roots penetrate the ground, keeping you stationary.
You cannot be teleported.
You are immune to unholy pain and torment.
Your maximum health is greatly increased.
Your equipment is partially melded.
You are immune to sickness and miasma.
You are immune to poison.
((Your flesh is very heat resistant. (rF++)))
((You are vulnerable to cold. (rC-)))
You float through the air rather than walking.
You learn spells naturally, not from books.
Your magical power is your life essence.
You have superior vitality. (+4 HP)


Message History

Your +0 helmet melds into your body.
Your +0 robe melds into your body.
Your roots penetrate the ground.
You hear some strange, mumbled words.
You aren't carrying any items that you can evoke.
Casting: Searing Ray (safe; 5% risk of failure)
Confirm with . or Enter, or press ? or * to list all spells.
Okay, then.
Casting: Searing Ray (safe; 5% risk of failure)
Confirm with . or Enter, or press ? or * to list all spells.
You can't see any susceptible monsters within range! (Use Z to cast anyway.)
Casting: Searing Ray (safe; 5% risk of failure)
Confirm with . or Enter, or press ? or * to list all spells.
* * * LOW HITPOINT WARNING * * *
Something hits you but does no damage.
Unknown command.
Unknown command.
Casting: Dazzling Flash (dangerous; 11% risk of failure)
Confirm with . or Enter, or press ? or * to list all spells.
* * * LOW HITPOINT WARNING * * *
You hear some strange, mumbled words.
You are confused.
Unknown command.
Unknown command.
You are too confused!
You are too confused!
You aren't carrying any potions.
A magic dart appears from out of thin air!
The magic dart hits you but does no damage.
You're too confused to cast spells.
Sorry, you're not good enough to have a special ability.
You're too confused to cast spells.
Sorry, you're not good enough to have a special ability.
You cannot move. (Use ctrl+direction or * direction to attack without moving.) You're too confused to cast spells.
Sorry, you're not good enough to have a special ability.
Something hits you but does no damage. Something hits you but does no damage.
Something hits you but does no damage. Something hits you!
You die...

P...###
P......
.P.....
P......
.......
..........#
####{........#
#.♣..........#
#.###........#
#.#..........#
#.#........[.#
#.#.#......).#
#............#
###.#........#
#.#(.......#
..#........#


There were no monsters in sight!

Vanquished Creatures
  A centaur skeleton (D:2)
  2 adders (D:2)
  3 dart slugs (D:1)
  2 bats (D:1)
  3 endoplasms
  A giant cockroach (D:1)
  3 hobgoblins
  2 kobolds (D:1)
  A quokka (D:1)
  4 rats
22 creatures vanquished.

Vanquished Creatures (others)
  A plant (D:2)
1 creature vanquished.

Grand Total: 23 creatures vanquished

Notes
Turn   | Place    | Note
-------+----------+-------------------------------------------
     0 | D:1      | Aviak the Djinni Conjurer began the quest for the Orb.
     0 | D:1      | Reached XP level 1. HP: 15/15 MP: 0/0
   209 | D:1      | Reached XP level 2. HP: 18/22 MP: 0/0
   649 | D:1      | Found a faded altar of an unknown god.
   680 | D:1      | Reached skill level 1 in Fighting
   752 | D:1      | Reached XP level 3. HP: 21/27 MP: 0/0
   752 | D:1      | Learned a level 1 spell: Sting
  1370 | D:2      | Reached XP level 4. HP: 19/33 MP: 0/0
  1547 | D:2      | Noticed Sigmund
  1569 | D:2      | Mangled by Sigmund

Illustrated notes

Levels and vault maps discovered:
D:1:      dpeg_arrival_short_road, layout_loops_cross, basic_ecumenical_altar,
          serial_rivers, chequers_serial_rivers_small_b,
          chequers_serial_rivers_room_a, chequers_serial_rivers_large_b,
          chequers_serial_rivers_small_3
D:2:      layout_basic, serial_forest, infiniplex_forest_clump_large,
          infiniplex_forest_clump_small, infiniplex_forest_straight_4,
          infiniplex_forest_lined_room_2, infiniplex_forest_side_room,
          infiniplex_forest_straight_2, uniq_natasha, uniq_sigmund

Skill      XL: |  1  2  3 |
---------------+----------+-----
Fighting       | 1 2 |  2.0
Dodging        | 3 |  3.3
Stealth        | |  1.5
Spellcasting   | |  3.7

Action                   |  1- 3 |  4- 6 || total
-------------------------+-------+-------++-------
Melee: Dagger            |       |     2 ||     2
 Cast: Magic Dart        |    46 |     2 ||    48
       Searing Ray       |     2 |     2 ||     4
       Dazzling Flash    |       |     2 ||     2
  Use: Potion            |       |     4 ||     4
Armor: Skin              |       |     5 ||     5
       Robe              |       |     1 ||     1
Dodge: Dodged            |     9 |     5 ||    14

Table legend: (Time is in decaauts)
 A = Elapsed time spent in this place.
 B = Non-inter-level travel time spent in this place.
 C = Inter-level travel time spent in this place.
 D = Time resting spent in this place.
 E = Time spent auto-exploring this place.
 F = Levels seen in this place.
 G = Mean time per level.
                   A        B        C        D        E       F      G
               +--------+--------+--------+--------+--------+-----+--------+
         Total |   1568 |   1521 |     47 |      0 |   1387 |   2 |  784.0 |
       Dungeon |   1568 |   1521 |     47 |      0 |   1387 |   2 |  784.0 |
               +--------+--------+--------+--------+--------+-----+--------+

Top non-repeatable levels by time:
     D:1: 1290 daAuts
     D:2: 277 daAuts
